 Dungeon Crawl Stone Soup version 0.29.1-1-gd02db6906a (webtiles) character file.

Game seed: 2901288183516890527

1625 theUnderdog the Trooper (level 8, -2/106 HPs)
             Began as a Minotaur Berserker on Oct 4, 2022.
             Was a Believer of Trog.
             Slain by a wight
             ... wielding a +3 flail of freezing
              (9 damage)
             ... on level 6 of the Dungeon.
             The game lasted 01:17:13 (3772 turns).

theUnderdog the Trooper (Minotaur Berserker)        Turns: 3772, Time: 01:17:17

Health: -2/106     AC:  7    Str: 25    XL:     8   Next: 65%
Magic:  7/7        EV: 15    Int:  4    God:    Trog [**....]
Gold:   124        SH:  0    Dex:  9    Spells: 7/7 levels left

rFire   + . .      SeeInvis .   l - +0 scythe
rCold   + . .      Faith    .   (shield currently unavailable)
rNeg    . . .      Spirit   .   t - +0 scale mail
rPois   .          Reflect  .   (helmet restricted)
rElec   .          Harm     .   b - scarf {rC+ rF+}
rCorr   .          Rampage  .   (no gloves)
Will    ++...                   (no boots)
Stlth   ..........              (no amulet)
HPRegen 1.27/turn               e - +4 ring of evasion
MPRegen 0.10/turn               (no ring)

@: berserking, lethally poisoned (-2 -> -2), strong-willed, regenerating, very
quick
A: horns 2, retaliatory headbutt
a: Renounce Religion, Berserk, Trog's Hand


You were on level 6 of the Dungeon.
You worshipped Trog.
Trog was pleased with you.
You visited 1 branch of the dungeon, and saw 6 of its levels.

You collected 124 gold pieces.

Inventory:

Hand Weapons
 a - a +0 mace
 f - a +0 giant spiked club
 l - a +0 scythe (weapon)
 m - a +0 dagger
 x - a +0 sling
 A - a +0 short sword of venom
Armour
 b - a scarf of resistance (worn)
 n - a +0 leather armour
 t - a +0 scale mail (worn)
Magical Staves
 o - a staff of cold
 u - a staff of conjuration
Jewellery
 e - a +4 ring of evasion (left hand)
 C - a ring of magical power
Wands
 p - a wand of flame (8)
Scrolls
 d - 3 scrolls of teleportation
 g - a scroll of immolation {unknown}
 h - a scroll of enchant armour {unknown}
 q - a scroll of magic mapping
 w - 2 scrolls of vulnerability {unknown}
 D - a scroll of brand weapon {unknown}
Potions
 c - 3 potions of flight
 j - a potion of invisibility {unknown}
 k - a potion of attraction {unknown}
 r - 2 potions of curing
 s - a potion of haste {unknown}
 v - 2 potions of might {unknown}
 z - 2 potions of magic


   Skills:
 + Level 6.8 Fighting
 + Level 5.5 Maces & Flails
 + Level 6.6 Polearms
 + Level 3.2 Throwing
 + Level 6.3 Armour
 + Level 4.5 Dodging
 + Level 0.3 Stealth
 + Level 0.1 Evocations


You had 7 spell levels left.
You didn't know any spells.
Your spell library contained the following spells:

 Spells                   Type           Power      Damage    Failure   Level
 Slow                     Hex            0%         N/A       77%         1
 Ensorcelled Hibernation  Hex/Ice        0%         N/A       88%         2
 Passwall                 Tmut/Erth      0%         N/A       88%         2
 Confusing Touch          Hex            0%         N/A       98%         3
 Summon Guardian Golem    Hex/Summ       0%         N/A       98%         3
 Swiftness                Air            0%         N/A       98%         3
 Vampiric Draining        Necr           0%         2d6       98%         3
 Orb of Destruction       Conj           0%         9d5       100%        7
 Spellforged Servitor     Conj/Summ      0%         N/A       100%        7


Dungeon Overview and Level Annotations

Branches:
Dungeon (6/15)
 Temple: D:4-7

Altars:
Elyvilon
Vehumet
Zin
The Shining One

Shops:
D:1 ?


Innate Abilities, Weirdness & Mutations

You have a pair of horns on your head.
You reflexively headbutt those who attack you in melee.


Message History

You feel very sick. Something hits you but does no damage.
You are more poisoned.
As you read the scroll of teleportation, it crumbles to dust.
You feel strangely unstable.
You feel very sick. Something hits you.
You are more poisoned.
You feel better.
You hear some strange, mumbled words.
A magic dart appears from out of thin air!
The magic dart hits you.
You closely miss something. Something hits you but does no damage.
You are poisoned.
You feel sick.
You hear some strange, mumbled words.
Something tries to affect you, but you resist.
Your surroundings suddenly seem different. 4 wights and an adder come into view.
A wight is wielding a +3 flail of freezing.
You feel sick.
The adder hisses angrily.
The wight hits you with a +0 dire flail!
The wight hits you with a +0 great sword!
* * * LOW HITPOINT WARNING * * *
Your skin crawls.
You feel strong-willed.
You feel sick. The wight closely misses you. x2
Your skin crawls.
You feel strong-willed.
You feel sick. The wight closely misses you.
The wight hits you with a +0 great sword!
* * * LOW HITPOINT WARNING * * *
A red film seems to cover your vision as you go berserk!
You feel yourself moving faster!
You feel mighty!
You feel sick. The wight closely misses you. You furiously retaliate!
You headbutt the wight! The wight hits you with a +2 battleaxe.
* * * LOW HITPOINT WARNING * * *
The wight hits you with a +3 flail of freezing!
You die...

...## ....# ....
... .oo[## #.. ...
.J<..# .# ###..
...
........#...##.#..
..... ).........
......##.#...
....#.#.#.
##.........#
....#.#
#..#...zzS....#
..... . ......z@#
#.... #
....##..z....#
...#.. .
#..........
##........#
#...##.... #..##
#... #..# ###
##.....#... ...#
#......#... ..


You could see 4 wights and an adder.

Vanquished Creatures
  Prince Ribbit (D:5)
  Sigmund (D:2)
  A wyvern (D:5)
  An ice beast (D:6)
  A sky beast (D:6)
  An ogre (D:6)
  A phantom (D:5)
  A kobold brigand (D:4)
  A necrophage (D:6)
  A scorpion (D:4)
  A wight (D:6)
  A howler monkey (D:6)
  A jelly (D:6)
  A gnoll bouda (D:5)
  4 hounds (D:5)
  2 orc priests (D:6)
  An iguana (D:5)
  An orc wizard (D:6)
  7 gnolls
  6 adders
  2 white imps (D:6)
  An ufetubus (D:5)
  5 worms
  2 dart slugs
  11 orcs
  4 endoplasms
  A giant cockroach (D:2)
  A goblin (D:3)
  2 hobgoblins
  10 kobolds
  5 quokkas
  5 ball pythons
  5 bats
  A rat (D:3)
90 creatures vanquished.

Vanquished Creatures (others)
  An orc wizard (D:6)
1 creature vanquished.

Grand Total: 91 creatures vanquished

Notes
Turn   | Place    | Note
-------+----------+-------------------------------------------
     0 | D:1      | theUnderdog the Minotaur Berserker began the quest for the
                  | Orb.
     0 | D:1      | Reached XP level 1. HP: 19/19 MP: 0/0
    42 | D:1      | Found Eraisutu's Magic Scroll Boutique.
   229 | D:2      | Reached XP level 2. HP: 21/27 MP: 1/1
   645 | D:2      | Noticed Sigmund
   668 | D:2      | Killed Sigmund
   669 | D:2      | Reached skill level 5 in Fighting
   669 | D:2      | Reached skill level 5 in Maces & Flails
   669 | D:2      | Reached XP level 3. HP: 12/36 MP: 2/2
   669 | D:2      | Reached XP level 4. HP: 14/42 MP: 3/3
   669 | D:2      | Reached XP level 5. HP: 16/48 MP: 4/4
   895 | D:2      | Reached ** piety under Trog
   935 | D:2      | Found a faded altar of an unknown god.
  1059 | D:3      | Found a glowing golden altar of the Shining One.
  1228 | D:3      | Found a glowing silver altar of Zin.
  1534 | D:3      | Found a white marble altar of Elyvilon.
  1973 | D:4      | Reached XP level 6. HP: 50/56 MP: 5/5
  2165 | D:4      | Reached skill level 1 in Polearms
  2516 | D:5      | Entered Level 5 of the Dungeon
  2705 | D:5      | Noticed Prince Ribbit
  2756 | D:5      | Reached skill level 1 in Throwing
  2881 | D:5      | Reached XP level 7. HP: 43/62 MP: 6/6
  3195 | D:5      | Killed Prince Ribbit
  3196 | D:5      | Reached skill level 5 in Armour
  3300 | D:5      | Noticed a wyvern
  3312 | D:5      | Killed a wyvern
  3313 | D:5      | Reached XP level 8. HP: 24/70 MP: 7/7
  3644 | D:6      | Reached skill level 5 in Polearms
  3690 | D:6      | Found a radiant altar of Vehumet.
  3746 | D:6      | Reached *** piety under Trog
  3772 | D:6      | Slain by a wight

Illustrated notes

Levels and vault maps discovered:
D:1:      psy_arrival_heroes, layout_loops_corners, serial_shops, shop
D:2:      layout_rooms, shapermc_ecumenical_altar_notcrosses, uniq_sigmund
D:3:      layout_basic, mainiacjoe_overflow_alcove_4,
          mainiacjoe_overflow_cross_hatched, overflow_temple_1_default
D:4:      layout_layer_cave, patterned_corridor
D:5:      layout_layer_cave, uniq_prince_ribbit1
D:6:      layout_cave_pools, lemuel_crystal_altar,
          minmay_temple_entry_glassed_door

Skill      XL: |  1  2  3  4  5  6  7  8 |
---------------+-------------------------+-----
Fighting       | 5 6 |  6.8
Maces & Flails | 5 |  5.5
Armour         | 3 4 5 6 |  6.3
Dodging        | 3 4 |  4.5
Polearms       | 2 4 6 |  6.6
Throwing       | 1 2 3 |  3.2
Stealth        | |  0.3
Evocations     | |  0.1

Action                   |  1- 3 |  4- 6 |  7- 9 || total
-------------------------+-------+-------+-------++-------
Melee: Mace              |    33 |       |       ||    33
       Headbutt          |     5 |    16 |    14 ||    35
       Halberd           |       |   124 |   110 ||   234
Throw: Stone             |       |    22 |    11 ||    33
       Dart              |       |    11 |     8 ||    19
       Throwing net      |       |     2 |       ||     2
Invok: Berserk           |       |     2 |     3 ||     5
       Trog's Hand       |       |     1 |     3 ||     4
Evoke: Wand              |       |       |     2 ||     2
  Use: Scroll            |     2 |     8 |     1 ||    11
       Potion            |       |     2 |     1 ||     3
Armor: Animal skin       |     7 |       |       ||     7
       Ring mail         |     6 |       |       ||     6
       Scale mail        |       |    33 |    35 ||    68
Dodge: Dodged            |    21 |   101 |    91 ||   213
